 Dungeon Crawl Stone Soup version 0.19.1-1-g22dce08 (console) character file.

65 Kloppie the Slasher (level 3, -1/46 HPs)
             Began as a Draconian Berserker on Jan 1, 2017.
             Was a Believer of Trog.
             Shot with a stone by a goblin (2 damage)
             ... led by Robin
             ... on level 2 of the Dungeon.
             The game lasted 00:01:37 (1228 turns).

Kloppie the Slasher (Draconian Berserker)           Turns: 1228, Time: 00:01:38

Health: -1/46      AC:  5    Str: 24    XL:     3   Next: 92%
Magic:  3/3        EV: 12    Int:  7    God:    Trog [**....]
Gold:   70         SH:  0    Dex: 11    Spells: 0 memorised, 2 levels left

rFire  . . .     SeeInvis .     a - +0 falchion
rCold  . . .     Gourm    .     (armour unavailable)
rNeg   . . .     Faith    .     (no shield)
rPois  .         Spirit   .     (helmet restricted)
rElec  .         Reflect  .     (no cloak)
rCorr  .         Harm     .     (no gloves)
MR     .....                    (no boots)
Stlth  ..........               (no amulet)
                                (no ring)
                                (no ring)

@: berserking, very quick
A: unfitting armour, cold-blooded, AC +5
a: Berserk, Trog's Hand, Burn Spellbooks, Renounce Religion


You were on level 2 of the Dungeon.
You worshipped Trog.
Trog was pleased with you.
You were hungry.

You visited 1 branch of the dungeon, and saw 2 of its levels.

You collected 70 gold pieces.

Inventory:

Hand Weapons
 a - a +0 falchion (weapon)
Scrolls
 c - 4 scrolls of identify {unknown}
 d - a scroll of noise {unknown}
 e - a scroll of amnesia {unknown}
 h - a scroll of random uselessness {unknown}
 j - a scroll of magic mapping {unknown}
 k - a scroll of enchant weapon {unknown}
 l - a scroll of fog {unknown}
 n - a scroll of remove curse {unknown}
Potions
 m - a potion of brilliance {unknown}
Comestibles
 b - 2 bread rations
 f - 4 chunks of flesh
 g - 6 fruits
 i - 3 meat rations


   Skills:
 - Level 3.2 Fighting
 + Level 4.8 Long Blades
 - Level 2.6 Dodging


You had 2 spell levels left.
You didn't know any spells.

Dungeon Overview and Level Annotations

Branches:
Dungeon (2/15)

Altars:
Ru
Sif Muna
Yredelemnul

Annotations:
D:2 Robin


Innate Abilities, Weirdness & Mutations

Your plain brown scales are hard. (AC +5)
You cannot fit into any form of body armour.
You are cold-blooded and may be slowed by cold attacks.


Message History

A red film seems to cover your vision as you go berserk!
You feel yourself moving faster!
You feel mighty!
You are feeling hungry.
You slash the goblin!
You kill the goblin!
Trog accepts your kill. Robin throws the goblin at you!
The hobgoblin hits you with a club!
* * * LOW HITPOINT WARNING * * *
Things that are here:
a club; a worm corpse; a goblin corpse You closely miss the hobgoblin.
The goblin shoots a stone.
The stone barely misses you.
The stone hits the hobgoblin.
The hobgoblin completely misses you.
You riposte.
You slash the hobgoblin!
You kill the hobgoblin!
Trog accepts your kill. The hobgoblin hits you with a club.
* * * LOW HITPOINT WARNING * * *
The goblin shoots a stone.
The stone hits you.
You die...

.>.......#.##...............#
....).)<....................#
.<.......#.###.....(.......##
...........# ##.....#.....##
[.........## ##.##########
........#.# #g# ........#.#
#.# ##..###.# #)# ....# .#
#@## ..... #gg# # ......ggr#
.. .#.....g..# .. ..........#
(g...#.$... .....#...... ....
.....### .... #....#


You could see Robin, 2 hobgoblins, 3 goblins and a rat.

Vanquished Creatures
  2 adders (D:2)
  3 worms (D:2)
  A dart slug (D:2)
  9 goblins
  5 hobgoblins
  5 bats
  3 frilled lizards
  5 kobolds
  4 rats
37 creatures vanquished.

Notes
Turn   | Place    | Note
-------+----------+-------------------------------------------
     0 | D:1      | Kloppie the Draconian Berserker began the quest for the Orb.
     0 | D:1      | Reached XP level 1. HP: 19/19 MP: 1/1
   544 | D:1      | Reached XP level 2. HP: 25/26 MP: 2/2
   810 | D:2      | Reached skill level 4 in Long Blades
  1015 | D:2      | Reached XP level 3. HP: 31/31 MP: 3/3
  1132 | D:2      | Found a deep blue altar of Sif Muna.
  1134 | D:2      | Found a sacrificial altar of Ru.
  1134 | D:2      | Found a basalt altar of Yredelemnul.
  1205 | D:2      | Noticed Robin
  1218 | D:2      | Reached ** piety under Trog
  1228 | D:2      | HP: 1/46 [hobgoblin/club[Robin] (4)]
  1228 | D:2      | Shot with a stone by a goblin

Skill      XL: |  1  2 |
---------------+-------+-----
Long Blades    | 4 |  4.8
Fighting       | |  3.2
Dodging        | |  2.6

Action                   || total
-------------------------++-------
Melee: Falchion          ||    85
       Tailslap          ||    11
Invok: Berserk           ||     2
  Eat: Chunk             ||     2
Armor: Skin              ||    27
Dodge: Dodged            ||    59
       Rpst.: Falchion   ||    26
